 Dungeon Crawl Stone Soup version 0.28-a0-95-g65e1ffefe4 (webtiles) character file.

Game seed: 11720943240142330157

361 pokeman the Magician (level 6, -8/34 HPs)
             Began as a Deep Elf Hedge Wizard on Aug 8, 2021.
             Mangled by an ogre (30 damage)
             ... on level 5 of the Dungeon on Aug 9, 2021.
             The game lasted 00:06:30 (4496 turns).

pokeman the Magician (Deep Elf Hedge Wizard)        Turns: 4496, Time: 00:06:31

Health: -8/34      AC:  5    Str:  7    XL:     6   Next: 38%
Magic:  15/18      EV: 13    Int: 21    God:
Gold:   195        SH:  0    Dex: 14    Spells: 8/19 levels left

rFire   . . .      SeeInvis .   n - +0 trident (venom)
rCold   . . .      Faith    .   (no shield)
rNeg    . . .      Spirit   .   b - +0 robe
rPois   .          Reflect  .   o - +1 helmet
rElec   .          Harm     .   (no cloak)
rCorr   .          Rampage  .   p - +0 pair of gloves
Will    .....                   (no boots)
Stlth   ++........              (no amulet)
HPRegen 0.11/turn               (no ring)
MPRegen 0.16/turn               (no ring)

@: no status effects
A: no striking features
a: no special abilities


You were on level 5 of the Dungeon.
You visited 1 branch of the dungeon, and saw 5 of its levels.

You collected 195 gold pieces.

Inventory:

Hand Weapons
 n - a +0 trident of venom (weapon)
Missiles
 d - 54 arrows
 k - 16 bolts
Armour
 b - a +0 robe (worn)
 o - a +1 helmet (worn)
 p - a +0 pair of gloves (worn)
Scrolls
 a - a scroll of enchant armour {unknown}
 c - a scroll of blinking {unknown}
 f - 2 scrolls of fog {unknown}
 g - 2 scrolls of teleportation {unknown}
 h - 3 scrolls of noise {unknown}
 l - 3 scrolls of identify {unknown}
 m - 2 scrolls of vulnerability {unknown}
Potions
 e - 3 potions of heal wounds {unknown}
 i - a potion of curing {unknown}
 j - a potion of mutation {unknown}


   Skills:
 - Level 1.0 Fighting
 - Level 1.4 Armour
 - Level 3.1 Dodging
 - Level 3.1 Stealth
 * Level 7.0 Spellcasting
 + Level 3.1 Conjurations
 - Level 1.1 Summonings
 - Level 1.1 Translocations
 - Level 1.1 Fire Magic
 + Level 0.7 Air Magic
 + Level 0.8 Poison Magic


You had 8 spell levels left.
You knew the following spells:

 Your Spells              Type           Power      Damage    Failure   Level
a - Magic Dart            Conj           80%        1d7       2%          1
b - Mephitic Cloud        Conj/Pois/Air  14%        N/A       14%         3
c - Call Imp              Summ           12%        N/A       9%          2
d - Blink                 Tloc           N/A        N/A       9%          2
e - Conjure Flame         Conj/Fire      16%        6-21      11%         3

Your spell library contained the following spells:

 Spells                   Type           Power      Damage    Failure   Level
 Corona                   Hex            7%         N/A       9%          1
 Freeze                   Ice            28%        1d5       9%          1
 Sandblast                Erth           14%        2d6       9%          1
 Ensorcelled Hibernation  Hex/Ice        14%        N/A       13%         2
 Passwall                 Tmut/Erth      5%         N/A       13%         2
 Slow                     Hex            7%         N/A       13%         2
 Gell's Gravitas          Tloc           6%         N/A       17%         3
 Lesser Beckoning         Tloc           6%         N/A       17%         3
 Teleport Other           Tloc           12%        N/A       17%         3
 Swiftness                Air            10%        N/A       19%         3
 Confusing Touch          Hex            7%         N/A       26%         3
 Frozen Ramparts          Ice            14%        1d3       26%         3
 Tukima's Dance           Hex            7%         N/A       26%         3
 Vampiric Draining        Necr           3%         2d6       26%         3
 Hailstorm                Conj/Ice       14%        3d5       41%         4
 Lee's Rapid Deconstruct  Erth           3%         3d6*      94%         5
 Invisibility             Hex            3%         N/A       100%        6


Dungeon Overview and Level Annotations

Branches:
Dungeon (5/15)
 Temple: D:4-7

Altars:
Ashenzari
Elyvilon
Okawaru

Shops:
D:2 [

Annotations:
D:3 3 runed translucent doors, Orlauf's ghost, amateur DsGl
D:4 3 runed translucent doors, Thraspic's ghost, amateur BaHu


Message History

Confirm with . or Enter, or press ? or * to list all spells.
You blink.
Found a stone staircase leading down.
Found a club.
There is a stone staircase leading down here.
You see here a +0 club.
You hear the slow rusting of a very distant drain.
Casting: Blink (safe; 9% risk of failure)
Confirm with . or Enter, or press ? or * to list all spells.
The spell is quite dangerous to cast (14% risk of failure)!
Continue anyway?
Aiming: Mephitic Cloud (quite dangerous; 14% risk of failure)
Press: ? - help, Shift-Dir - straight line, f - ogre
Aim: an ogre, wielding a +0 giant club (chance to affect: 77%)
The ball explodes into a vile cloud!
The stinking cloud engulfs the ogre but does no damage.
You hear a shout!
The ogre is engulfed in noxious fumes.
The ogre appears confused.
Unknown command.
The ogre is engulfed in noxious fumes.
The ogre appears confused.
Reach: n) +0 trident (venom)
Press: ? - help, Dir - move target, f/p - ogre
Aim: an ogre, wielding a +0 giant club (noxious fumes, lightly wounded, confused, about 15% to evade your +0 trident of venom)
You reach to attack!
You hit the ogre but do no damage.
The ogre is poisoned.
The ogre is lightly wounded.
The ogre is engulfed in noxious fumes.
The ogre appears confused.
The ogre misses you.
Reach: n) +0 trident (venom)
Press: ? - help, Dir - move target, f/p - ogre
Aim: an ogre, wielding a +0 giant club (moderately wounded, confused, very poisoned, about 15% to evade your +0 trident of venom)
You reach to attack!
You hit the ogre.
The ogre looks as sick as possible!
The ogre is moderately wounded.
The ogre closely misses you.
Reach: n) +0 trident (venom)
Press: ? - help, Dir - move target, f/p - ogre
Aim: an ogre, wielding a +0 giant club (moderately wounded, confused, extremely poisoned, about 15% to evade your +0 trident of venom)
You reach to attack!
You hit the ogre.
The ogre looks as sick as possible!
The ogre is heavily wounded.
The ogre hits you with a +0 giant club!!
Ouch! That really hurt!
You die...

..##.## #.##..##### ##..
#.###.....# ...... ##
##......##.........
.#####..........##..#...
.#.............###......
................>....###
.#.......<..##.$...#...#
############# #>@.......
####O.###... #####
##...........
....########).########..
....##.......#####
.>........>........
$...###############
.....# .....#


You could see an ogre (confused, extremely poisoned).

Vanquished Creatures
  A water moccasin (D:4)
  A hornet zombie (D:5)
  A kobold brigand (D:4)
  An iguana (D:4)
  An adder (D:2)
  A dart slug (D:2)
  4 endoplasms
  8 giant cockroaches
  3 goblins
  6 hobgoblins
  4 jackals (D:4)
  A quokka (D:2)
  4 ball pythons
  4 bats
  3 frilled lizards
  10 kobolds
  4 rats
57 creatures vanquished.

Notes
Turn   | Place    | Note
-------+----------+-------------------------------------------
     0 | D:1      | pokeman the Deep Elf Hedge Wizard began the quest for the
                  | Orb.
     0 | D:1      | Reached XP level 1. HP: 10/10 MP: 7/7
   383 | D:1      | Reached XP level 2. HP: 16/16 MP: 5/9
   520 | D:1      | Found a faded altar of an unknown god.
  1019 | D:2      | Reached skill level 5 in Spellcasting
  1019 | D:2      | Reached XP level 3. HP: 19/20 MP: 1/11
  1023 | D:2      | Learned a level 3 spell: Mephitic Cloud
  1026 | D:2      | Learned a level 2 spell: Call Imp
  1029 | D:2      | Learned a level 2 spell: Blink
  1033 | D:2      | Learned a level 3 spell: Conjure Flame
  1393 | D:2      | Found Xadufiry's Armour Shoppe.
  1786 | D:2      | Reached skill level 1 in Fighting
  2226 | D:3      | Found a runed translucent gate.
  2226 | D:3      | Found a runed translucent gate.
  2226 | D:3      | Found a runed translucent gate.
  2227 | D:3      | Noticed Orlauf's ghost (amateur DsGl)
  2384 | D:3      | Found an iron altar of Okawaru.
  2593 | D:3      | Found a broken altar of Ashenzari.
  2920 | D:4      | Noticed a water moccasin
  2929 | D:4      | Killed a water moccasin
  2930 | D:4      | Reached skill level 1 in Armour
  2930 | D:4      | Reached skill level 6 in Spellcasting
  2930 | D:4      | Reached XP level 4. HP: 25/25 MP: 9/14
  2930 | D:4      | Reached XP level 5. HP: 29/29 MP: 9/15
  3030 | D:4      | Found a white marble altar of Elyvilon.
  3721 | D:4      | Found a runed translucent gate.
  3721 | D:4      | Found a runed translucent gate.
  3723 | D:4      | Found a runed translucent gate.
  3723 | D:4      | Noticed Thraspic's ghost (amateur BaHu)
  3888 | D:4      | Reached skill level 1 in Fire Magic
  3888 | D:4      | Reached XP level 6. HP: 23/34 MP: 13/17
  4389 | D:5      | Entered Level 5 of the Dungeon
  4450 | D:5      | Reached skill level 7 in Spellcasting
  4496 | D:5      | Mangled by an ogre

Illustrated notes

Levels and vault maps discovered:
D:1:      grunt_arrival_crossed_arrows, layout_basic,
          dreamdust_ecumenical_altar_statues
D:2:      layout_loops_corners, serial_shops, shop_fountains,
          minmay_misc_feat_hallway, chequers_mini_garden,
          kennysheep_generic_room_8
D:3:      layout_basic, okawaru_ov_weapons_minmay, evilmike_ruin_ashenzari,
          gammafunk_ghost_necromancy
D:4:      cheibrodos_thug_alley, layout_loops_corners,
          nicolae_overflow_crystal_walls, gammafunk_ghost_nasty_kobolds,
          serial_bayou_ford_a, chequers_serial_rivers_marsh
D:5:      layout_rooms, gup_sewer_entry_bubbles, uniq_prince_ribbit1

Skill      XL: |  1  2  3  4  5  6 |
---------------+-------------------+-----
Spellcasting   | 5 6 7 |  7.0
Fighting       | 1 |  1.0
Armour         | 1 |  1.4
Dodging        | 3 |  3.1
Conjurations   | 2 3 |  3.1
Stealth        | 3 |  3.1
Fire Magic     | 1 |  1.1
Summonings     | |  1.1
Translocations | |  1.1
Air Magic      | |  0.7
Poison Magic   | |  0.8

Action                   |  1- 3 |  4- 6 || total
-------------------------+-------+-------++-------
Melee: Trident           |     5 |    19 ||    24
 Cast: Magic Dart        |    78 |    44 ||   122
       Conjure Flame     |     1 |     1 ||     2
       Mephitic Cloud    |       |     2 ||     2
       Blink             |       |     1 ||     1
 Stab: Confused          |       |     2 ||     2
Armor: Robe              |     2 |     4 ||     6
Dodge: Dodged            |     9 |    20 ||    29

Table legend: (Time is in decaauts)
 A = Elapsed time spent in this place.
 B = Non-inter-level travel time spent in this place.
 C = Inter-level travel time spent in this place.
 D = Time resting spent in this place.
 E = Time spent auto-exploring this place.
 F = Levels seen in this place.
 G = Mean time per level.
                   A        B        C        D        E       F      G
               +--------+--------+--------+--------+--------+-----+--------+
         Total |   4520 |   4386 |    134 |     22 |   3948 |   5 |  904.0 |
       Dungeon |   4520 |   4386 |    134 |     22 |   3948 |   5 |  904.0 |
               +--------+--------+--------+--------+--------+-----+--------+

Top non-repeatable levels by time:
     D:4: 1522 daAuts
     D:2: 1349 daAuts
     D:1: 834 daAuts
     D:3: 706 daAuts
     D:5: 107 daAuts
